 Dungeon Crawl Stone Soup version 0.23.2-33-g5129a83184 (webtiles) character file.

Game seed: 16001362843220704551

9324 jesusflecha the Cleaver (level 11, -6/97 HPs)
             Began as a Minotaur Fighter on Aug 4, 2019.
             Was a High Priest of Makhleb.
             Killed from afar by a starcursed mass (9 damage)
             ... with an accursed screaming
             ... on level 1 of the Abyss.
             The game lasted 00:34:58 (9877 turns).

jesusflecha the Cleaver (Minotaur Fighter)          Turns: 9877, Time: 00:34:59

Health: -6/97      AC: 15    Str: 23    XL:     11   Next: 21%
Magic:  10/10      EV: 12    Int:  5    God:    Makhleb [*****.]
Gold:   683        SH: 16    Dex: 11    Spells: 10/10 levels left

rFire    . . .     SeeInvis .   a - +1 war axe
rCold    . . .     Gourm    .   c - +0 shield
rNeg     . . .     Faith    .   y - +0 chain mail
rPois    +         Spirit   .   (helmet restricted)
rElec    .         Reflect  +   g - +0 cloak
rCorr    .         Harm     .   (no gloves)
MR       .....                  J - +1 pair of boots
Stlth    ..........             D - +4 amulet of reflection
HPRegen  0.26/turn              H - +3 ring of evasion
MPRegen  0.12/turn              x - ring of poison resistance

@: no status effects
A: retaliatory headbutt, horns 2
a: Minor Destruction, Lesser Servant of Makhleb, Major Destruction, Greater
Servant of Makhleb, Renounce Religion


You were on level 1 of the Abyss.
You worshipped Makhleb.
Makhleb was extremely pleased with you.
You were not hungry.

You visited 2 branches of the dungeon, and saw 12 of its levels.
You visited the Abyss 1 time.
You also visited: Ossuary.

You collected 842 gold pieces.
You spent 159 gold pieces at shops.

Inventory:

Hand Weapons
 a - a +1 war axe (weapon)
 I - a +2 flail of protection
Armour
 c - a +0 shield (worn)
 g - a +0 cloak (worn)
 y - a +0 chain mail (worn)
 J - a +1 pair of boots (worn)
 K - a cursed +0 pair of gloves
Jewellery
 p - an uncursed ring of protection from cold
 x - a ring of poison resistance (right hand)
 C - an uncursed ring of resist corrosion
 D - a +4 amulet of reflection (around neck)
 H - a +3 ring of evasion (left hand)
Wands
 r - a wand of clouds (5)
 A - a wand of paralysis (10)
 E - a wand of acid (6)
 G - a wand of random effects (23)
Scrolls
 b - a scroll of identify
 j - 3 scrolls of immolation
 m - 3 scrolls of remove curse
 n - a scroll of magic mapping
 q - 8 scrolls of teleportation
 z - a scroll of enchant weapon
 F - a scroll of fog {unknown}
Potions
 d - 2 potions of might
 e - 3 potions of ambrosia
 h - 8 potions of curing
 i - 2 potions of flight
 k - 4 potions of heal wounds
 l - 3 potions of berserk rage
 o - 3 potions of brilliance {unknown}
 s - a potion of agility
 t - 2 potions of lignification
 u - 4 potions of degeneration {unknown}
 v - 3 potions of mutation {unknown}
 w - 7 potions of haste
 B - a potion of invisibility
Comestibles
 f - 17 rations


   Skills:
 + Level 9.4 Fighting
 + Level 13.4 Axes
 + Level 10.0 Armour
 + Level 3.7 Dodging
 + Level 9.3 Shields


You had 10 spell levels left.
You didn't know any spells.
Your spell library contained the following spells:

 Spells                   Type           Power        Failure   Level  Hunger
 Animate Skeleton         Necr           N/A          99%         1    ##.....
 Apportation              Tloc           #.....       99%         1    ##.....
 Confusing Touch          Hex            #.....       99%         1    ##.....
 Magic Dart               Conj           #...         99%         1    ##.....
 Summon Small Mammal      Summ           #...         99%         1    ##.....
 Blink                    Tloc           N/A          100%        2    ###....
 Call Imp                 Summ           #.......     100%        2    ###....
 Searing Ray              Conj           #.....       100%        2    ###....
 Slow                     Hex            #.......     100%        2    ###....
 Conjure Flame            Conj/Fire      #.......     100%        3    ####...
 Dazzling Spray           Conj/Hex       #.....       100%        3    ####...
 Mephitic Cloud           Conj/Pois/Air  #.......     100%        3    ####...
 Force Lance              Conj/Tloc      #.......     100%        4    #####..
 Fulminant Prism          Conj/Hex       #.........   100%        4    #####..
 Iskenderun's Mystic Bla  Conj           #.......     100%        4    #####..
 Bolt of Magma            Conj/Fire/Erth #.........   100%        5    ######.
 Iskenderun's Battlesphe  Conj/Chrm      #.......     100%        5    ######.
 Venom Bolt               Conj/Pois      #.........   100%        5    ######.
 Iron Shot                Conj/Erth      #.........   100%        6    #######
 Orb of Destruction       Conj           #.........   100%        7    #######
 Spellforged Servitor     Conj/Summ      #.........   100%        7    #######


Dungeon Overview and Level Annotations

Branches:
Dungeon (11/15)            Temple (1/1) D:5
   Lair: D:8-11         Orc: D:9-12

Altars:
Ashenzari
Cheibriados
Dithmenos
Elyvilon
Fedhas
Gozag
Hepliaklqana
Kikubaaqudgha
Makhleb
Nemelex Xobeh
Okawaru
Qazlal
Ru
Sif Muna
Trog
Uskayaw
Vehumet
Wu Jian
Xom
Yredelemnul
Zin
The Shining One
Jiyva

Shops:
D:7 !   D:9 *

Annotations:
D:7 2 transporters, grerr's ghost, novice OpVM
D:11 Sonja


Innate Abilities, Weirdness & Mutations

You reflexively headbutt those who attack you in melee.
You have a pair of horns on your head.


Message History

A chorus of shrieks assaults your mind.
A spatial vortex comes into view.
You block the spatial maelstrom's attack.
The spatial maelstrom hits you.
* * * LOW HITPOINT WARNING * * *
Space bends around you.
* * * LOW HITPOINT WARNING * * *
The spatial maelstrom hits you!
* * * LOW HITPOINT WARNING * * *
Space bends around you.
* * * LOW HITPOINT WARNING * * *
The spatial maelstrom completely misses you.
A deafening chorus of shrieks assaults your mind!
* * * LOW HITPOINT WARNING * * *
You suddenly lose the ability to move!
You can move again.
Found a dagger.
You block the spatial maelstrom's attack. x2
A deafening chorus of shrieks assaults your mind!
You die...

#......##......##....
##......##v.....##.. ...
............v...........
............X......... .
.......................
..........X.............
...........X..... ......
.......vXX..............
##.....@##......##......
#......##......##.... .
......... ............ .
.................. ... .
......................
............. .... ....
..)............. . ...
.##.######.#####.#. #. .
## # #.##


You could see 5 starcursed masses, a spatial maelstrom and 2 spatial vortices.

Vanquished Creatures
  3 two-headed ogres (D:9)
  Psyche (D:9)
  2 trolls
  A hornet (D:8)
  3 hippogriffs
  4 yaks (D:10)
  2 hungry ghosts
  Menkaure (D:4)
  A water moccasin (D:8)
  5 orc warriors
  A sky beast (D:6)
  An ice beast (D:9)
  3 phantoms
  4 ogres
  3 centaurs
  3 big kobolds
  A bullfrog (D:7)
  2 scorpions
  A water moccasin zombie (Ossuary)
  3 wights (D:7)
  2 howler monkeys
  10 crimson imps
  7 bullfrog zombies
  4 centaur zombies
  A centaur skeleton (D:9)
  3 hounds
  4 orc priests
  6 jellies
  11 orc wizards
  3 bullfrog skeletons
  4 iguanas
  6 worker ants
  2 killer bee zombies
  3 hound zombies
  A hound skeleton (D:9)
  11 mummies (Ossuary)
  A howler monkey zombie (Ossuary)
  A worker ant zombie (Ossuary)
  11 adders
  5 river rats (D:5)
  3 shadow imps
  5 oozes (D:10)
  4 adder zombies
  2 adder skeletons
  4 worms
  A dart slug (D:1)
  5 leopard geckos
  28 orcs
  A ball python (D:5)
  3 bats
  6 giant cockroaches
  16 goblins
  4 hobgoblins
  13 jackals
  23 kobolds
  10 quokkas
  2 frilled lizards
  A giant cockroach zombie (Ossuary)
  A jackal zombie (D:5)
  2 leopard gecko zombies (Ossuary)
  A quokka skeleton (D:5)
  4 quokka zombies
  21 rats
  A rat zombie (D:6)
302 creatures vanquished.

Vanquished Creatures (others)
  A centaur (D:10)
1 creature vanquished.

Grand Total: 303 creatures vanquished

Notes
Turn   | Place    | Note
-------+----------+-------------------------------------------
     0 | D:1      | jesusflecha the Minotaur Fighter began the quest for the
                  | Orb.
     0 | D:1      | Reached XP level 1. HP: 19/19 MP: 0/0
   141 | D:1      | Reached XP level 2. HP: 27/27 MP: 1/1
   529 | D:2      | Reached XP level 3. HP: 31/33 MP: 2/2
   687 | D:2      | You fall through a shaft!
   721 | D:2      | Reached skill level 3 in Axes
  1120 | D:2      | Reached XP level 4. HP: 41/41 MP: 3/3
  1210 | D:2      | Found a sacrificial altar of Ru.
  1577 | D:3      | Found a shadowy altar of Dithmenos.
  1741 | D:3      | Reached skill level 1 in Dodging
  1948 | D:3      | Reached skill level 4 in Axes
  2267 | D:4      | Reached XP level 5. HP: 45/47 MP: 4/4
  2510 | D:4      | Noticed an ogre
  2555 | D:4      | Reached XP level 6. HP: 53/53 MP: 5/5
  2560 | D:3      | Reached skill level 5 in Axes
  2576 | D:4      | Reached skill level 5 in Armour
  2576 | D:4      | Reached skill level 5 in Shields
  2822 | D:4      | Noticed Menkaure
  2832 | D:4      | Killed Menkaure
  2832 | D:4      | Reached skill level 5 in Fighting
  2832 | D:4      | Reached XP level 7. HP: 55/61 MP: 6/6
  2911 | D:4      | Reached skill level 6 in Axes
  3254 | D:5      | Entered Level 5 of the Dungeon
  3474 | D:5      | Found a staircase to the Ecumenical Temple.
  3480 | Temple   | Entered the Ecumenical Temple
  3581 | Temple   | Became a worshipper of Makhleb the Destroyer
  4101 | D:5      | Reached * piety under Makhleb
  4297 | D:5      | Reached skill level 7 in Axes
  4379 | D:6      | Found a sand-covered staircase.
  4387 | Ossuary  | Entered an ossuary
  4520 | Ossuary  | Reached XP level 8. HP: 68/69 MP: 7/7
  4585 | Ossuary  | Reached skill level 8 in Axes
  4593 | Ossuary  | Reached ** piety under Makhleb
  4900 | D:6      | Reached skill level 9 in Axes
  5274 | D:6      | Found a blossoming altar of Fedhas.
  5654 | D:7      | Noticed grerr's ghost (novice OpVM)
  5671 | D:7      | Reached XP level 9. HP: 78/78 MP: 8/8
  5932 | D:7      | Reached skill level 10 in Axes
  5933 | D:7      | Identified the +11 war axe of Het Seow {freeze, rElec Str+3
                  | Int+4 Dex+3}
  5933 | D:7      | Noticed a tengu warrior
  5934 | D:7      | Found a bloodstained altar of Trog.
  5936 | D:7      | Found a transporter.
  5956 | D:7      | Noticed a moth of wrath
  6029 | D:7      | Found Wuong's Distillery.
  6049 | D:7      | Bought a potion of heal wounds for 65 gold pieces
  6049 | D:7      | Bought a potion of might for 52 gold pieces
  6059 | D:7      | Reached *** piety under Makhleb
  6543 | D:7      | Found a transporter.
  6842 | D:8      | Reached skill level 11 in Axes
  6982 | D:8      | Found a stormy altar of Qazlal.
  7107 | D:8      | Found a shattered altar of Ashenzari.
  7108 | D:8      | Found an iron altar of Okawaru.
  7108 | D:8      | Found an ornate altar of the Wu Jian Council.
  7109 | D:8      | Found a shimmering altar of Xom.
  7225 | D:8      | Reached XP level 10. HP: 86/86 MP: 9/9
  7377 | D:9      | Noticed Psyche
  7385 | D:9      | Killed Psyche
  7462 | D:9      | Noticed a two-headed ogre
  7726 | D:9      | Killed a two-headed ogre
  7726 | D:9      | Reached skill level 12 in Axes
  7849 | D:9      | Noticed a two-headed ogre
  7854 | D:9      | Killed a two-headed ogre
  8035 | D:9      | Found Hoaxisam's Assorted Antiques.
  8042 | D:9      | Bought a scroll of identify for 42 gold pieces
  8288 | D:9      | Noticed a two-headed ogre
  8291 | D:9      | Reached **** piety under Makhleb
  8300 | D:9      | Killed a two-headed ogre
  8636 | D:10     | Entered Level 10 of the Dungeon
  8669 | D:10     | Reached skill level 13 in Axes
  8694 | D:10     | Reached XP level 11. HP: 89/97 MP: 10/10
  8985 | D:10     | Reached ***** piety under Makhleb
  8997 | D:10     | Reached skill level 10 in Armour
  9033 | D:10     | Found a viscous altar of Jiyva.
  9778 | D:11     | Noticed Sonja
  9790 | D:11     | Cast into level 1 of the Abyss (Sonja)
  9791 | Abyss:1  | Found a corrupted altar of Lugonu.
  9806 | Abyss:1  | Noticed a starcursed mass
  9815 | Abyss:1  | Paralysed by accursed screaming for 1 turns
  9852 | Abyss:1  | Paralysed by accursed screaming for 1 turns
  9867 | Abyss:1  | Noticed a spatial maelstrom
  9876 | Abyss:1  | HP: 2/97 [starcursed mass/accursed screaming (4)]
  9876 | Abyss:1  | Paralysed by accursed screaming for 1 turns
  9877 | Abyss:1  | Killed from afar by a starcursed mass

Skill      XL: |  1  2  3  4  5  6  7  8  9 10 11 |
---------------+----------------------------------+-----
Fighting       | 4 5 6 7 9 |  9.4
Shields        | 4 5 6 8 9 |  9.3
Axes           | 3 4 5 7 9 11 13 | 13.4
Armour         | 4 5 6 7 8 9 10 | 10.0
Dodging        | 1 2 3 |  3.7

Action                   |  1- 3 |  4- 6 |  7- 9 | 10-12 || total
-------------------------+-------+-------+-------+-------++-------
Melee: War axe           |    88 |   106 |   418 |   251 ||   863
       Headbutt          |    10 |    18 |    80 |    50 ||   158
Invok: Lesser Servant of |       |       |       |     1 ||     1
  Use: Scroll            |     4 |     4 |     8 |     2 ||    18
  Eat: Chunk             |     1 |     5 |     9 |     7 ||    22
       Ration            |       |       |     3 |     2 ||     5
Armor: Scale mail        |    33 |    41 |    62 |       ||   136
       Chain mail        |       |       |    66 |    94 ||   160
Dodge: Dodged            |    32 |    30 |   114 |    63 ||   239
Block: Shield            |    51 |    63 |   214 |   152 ||   480
       Reflection        |       |       |       |     8 ||     8
